 Dungeon Crawl Stone Soup version 0.29-a0-231-g945431f764 (webtiles) character file.

Game seed: 271094285167718916

217 siradein the Digger (level 5, -1/38 HPs)
             Began as a Ghoul Earth Elementalist on Feb 28, 2022.
             Slain by a gnoll sergeant
             ... wielding a +0 trident
              (12 damage)
             ... on level 4 of the Dungeon.
             The game lasted 00:11:23 (5244 turns).

siradein the Digger (Ghoul Earth Elementalist)      Turns: 5244, Time: 00:11:24

Health: -1/38      AC:  7    Str: 12    XL:     5   Next: 94%
Magic:  2/8        EV: 11    Int: 12    God:
Gold:   168        SH:  0    Dex:  9    Spells: 5/9 levels left

rFire   . . .      SeeInvis .   o - +0 dagger (venom)
rCold   + . .      Faith    .   (no shield)
rNeg    + + +      Spirit   .   d - +0 leather armour
rPois   ∞          Reflect  .   j - +2 helmet
rElec   .          Harm     .   (no cloak)
rCorr   .          Rampage  .   r - +0 pair of gloves
Will    .....                   (no boots)
Stlth   +.........              (no amulet)
HPRegen 0.00/turn               (no ring)
MPRegen 0.11/turn               (no ring)

@: inhibited regen
A: claws 1, cold resistance 1, negative energy resistance 3, inhibited
regeneration, torment resistance 2
a: no special abilities


You were on level 4 of the Dungeon.
You visited 1 branch of the dungeon, and saw 4 of its levels.

You collected 168 gold pieces.

Inventory:

Hand Weapons
 o - a +0 dagger of venom (weapon)
Missiles
 a - 88 stones
Armour
 d - a +0 leather armour (worn)
 j - a +2 helmet (worn)
 r - a +0 pair of gloves (worn)
Magical Staves
 s - a staff of fire
Scrolls
 b - a scroll of summoning {unknown}
 c - 2 scrolls of teleportation {unknown}
 e - 3 scrolls of blinking {unknown}
 i - a scroll of enchant armour {unknown}
 k - a scroll of brand weapon {unknown}
 p - 2 scrolls of fog {unknown}
 q - a scroll of torment {unknown}
Potions
 f - a potion of might {unknown}
 g - a potion of berserk rage {unknown}
 h - a potion of heal wounds
 l - a potion of flight {unknown}
 m - 2 potions of attraction {unknown}
 n - 3 potions of degeneration {unknown}


   Skills:
 - Level 1.7 Dodging
 - Level 2.1 Stealth
 + Level 2.6 Spellcasting
 + Level 1.6 Conjurations
 - Level 0.8 Transmutations
 * Level 5.9 Earth Magic


You had 5 spell levels left.
You knew the following spells:

 Your Spells              Type           Power      Damage    Failure   Level
a - Sandblast             Erth           30%        2d9       2%          1
b - Stone Arrow           Conj/Erth      20%        3d8       21%         3

Your spell library contained the following spells:

 Spells                   Type           Power      Damage    Failure   Level
 Passwall                 Tmut/Erth      7%         N/A       12%         2
 Animate Skeleton         Necr           2%         N/A       32%         1
 Pain                     Necr           4%         1d4       32%         1
 Petrify                  Tmut/Erth      9%         N/A       63%         4
 Gell's Gravitas          Tloc           1%         N/A       69%         3
 Lesser Beckoning         Tloc           1%         N/A       69%         3
 Ozocubu's Armour         Ice            1%         N/A       69%         3
 Teleport Other           Tloc           1%         N/A       69%         3
 Vampiric Draining        Necr           1%         2d6       69%         3
 Metabolic Englaciation   Hex/Ice        0%         N/A       100%        5
 Dispersal                Tloc           0%         N/A       100%        6
 Simulacrum               Ice/Necr       0%         N/A       100%        6


Dungeon Overview and Level Annotations

Branches:
Dungeon (4/15)
 Temple: D:4-7

Altars:


Innate Abilities, Weirdness & Mutations

You thrive by killing the living.
You are immune to poison.
You have sharp fingernails.
Your flesh is cold resistant. (rC+)
You are immune to negative energy. (rN+++)
You do not regenerate when monsters are visible.
You are immune to unholy pain and torment.


Message History

Magic restored.
Found a thick smoking staff.
You see here a staff of fire.
s - a staff of fire You now have 168 gold pieces (gained 18).
n - 3 yellow potions (gained 2)
Found a leather armour.
You open the door.
A gnoll sergeant comes into view. It is wielding a +0 trident.
Found a scroll labelled DYJ DUUNUSILA.
The gnoll sergeant shouts!
There is an open door here.
The blast of sand hits the gnoll sergeant!
The gnoll sergeant is moderately wounded.
The blast of sand hits the gnoll sergeant.
The gnoll sergeant is heavily wounded.
The gnoll sergeant hits you but does no damage.
The blast of sand hits the gnoll sergeant but does no damage.
The gnoll sergeant is heavily wounded.
The gnoll sergeant hits you from afar with a +0 trident.
The blast of sand hits the gnoll sergeant but does no damage.
The gnoll sergeant is heavily wounded.
The gnoll sergeant closely misses you.
The blast of sand hits the gnoll sergeant.
The gnoll sergeant is heavily wounded.
The gnoll sergeant hits you but does no damage.
The blast of sand hits the gnoll sergeant but does no damage.
The gnoll sergeant is heavily wounded.
The gnoll sergeant hits you from afar with a +0 trident.
The blast of sand hits the gnoll sergeant but does no damage.
The gnoll sergeant is heavily wounded.
The gnoll sergeant barely misses you.
The blast of sand hits the gnoll sergeant but does no damage.
The gnoll sergeant is heavily wounded.
The gnoll sergeant hits you from afar with a +0 trident!
The gnoll sergeant hits you but does no damage.
The gnoll sergeant hits you with a +0 trident.
* * * LOW HITPOINT WARNING * * *
The gnoll sergeant hits you from afar with a +0 trident!
You die...

##############.#####......##
..#.# .......# #.#.#
#......# #.#.# .......#
#.#.# #..##### #.#.# #.## ..
#.#.# .. #..###.#.#######
#....g.@.......
#####.#.####### #.#... ##
#.##### +#..###.# #....'..#
#?...#..# ##..###.... #+#
#......


You could see a gnoll sergeant.

Vanquished Creatures
  A howler monkey (D:3)
  A hound (D:4)
  2 orc priests (D:3)
  Robin (D:1)
  An ufetubus (D:4)
  5 orcs (D:3)
  A ball python (D:3)
  4 endoplasms
  3 giant cockroaches (D:3)
  13 goblins
  6 hobgoblins (D:1)
  2 jackals (D:1)
  4 bats
  7 frilled lizards
  7 kobolds
  2 rats
60 creatures vanquished.

Notes
Turn   | Place    | Note
-------+----------+-------------------------------------------
     0 | D:1      | siradein the Ghoul Earth Elementalist began the quest for
                  | the Orb.
     0 | D:1      | Reached XP level 1. HP: 14/14 MP: 2/2
   732 | D:1      | Reached XP level 2. HP: 15/20 MP: 3/3
   769 | D:1      | Reached skill level 4 in Earth Magic
  1377 | D:1      | Reached XP level 3. HP: 26/26 MP: 4/4
  1388 | D:1      | Learned a level 3 spell: Stone Arrow
  1606 | D:2      | Found a faded altar of an unknown god.
  1987 | D:2      | Noticed Robin
  3232 | D:1      | Killed Robin
  3563 | D:3      | Reached XP level 4. HP: 31/33 MP: 4/6
  3783 | D:3      | Reached skill level 1 in Conjurations
  3783 | D:3      | Reached skill level 5 in Earth Magic
  4048 | D:3      | Reached XP level 5. HP: 24/38 MP: 7/7
  4868 | D:4      | Noticed a steam dragon
  5244 | D:4      | Slain by a gnoll sergeant

Illustrated notes

Levels and vault maps discovered:
D:1:      dpeg_arrival_stone_temple_mockup, layout_basic,
          minmay_misc_feat_rugged, minmay_pentomino_o4
D:2:      layout_basic, hellmonk_ecumenical_altar_run_dry,
          kennysheep_big_empty_room, uniq_robin
D:3:      layout_basic
D:4:      minmay_bubble_buster, layout_basic, kennysheep_mini,
          kennysheep_generic_room_5

Skill      XL: |  1  2  3  4 |
---------------+-------------+-----
Earth Magic    | 4 5 |  5.9
Spellcasting   | 2 |  2.6
Conjurations   | 1 |  1.6
Dodging        | |  1.7
Stealth        | |  2.1
Transmutations | |  0.8

Action                   |  1- 3 |  4- 6 || total
-------------------------+-------+-------++-------
Melee: Unarmed           |   142 |    12 ||   154
       Dagger            |       |    25 ||    25
 Cast: Sandblast         |    17 |    38 ||    55
 Stab: Sleeping          |     3 |     1 ||     4
Armor: Leather armour    |    46 |    22 ||    68
Dodge: Dodged            |    72 |    21 ||    93

Table legend: (Time is in decaauts)
 A = Elapsed time spent in this place.
 B = Non-inter-level travel time spent in this place.
 C = Inter-level travel time spent in this place.
 D = Time resting spent in this place.
 E = Time spent auto-exploring this place.
 F = Levels seen in this place.
 G = Mean time per level.
                   A        B        C        D        E       F      G
               +--------+--------+--------+--------+--------+-----+--------+
         Total |   5252 |   5162 |     90 |   1221 |   3053 |   4 | 1313.0 |
       Dungeon |   5252 |   5162 |     90 |   1221 |   3053 |   4 | 1313.0 |
               +--------+--------+--------+--------+--------+-----+--------+

Top non-repeatable levels by time:
     D:1: 2703 daAuts
     D:3: 1376 daAuts
     D:2: 798 daAuts
     D:4: 374 daAuts
